 Dungeon Crawl Stone Soup version 0.30.2 (webtiles) character file.

Game seed: 18128961183235035188

14521 porpoise the Markshuman (level 12, -3/85 HPs)
             Began as a Human Hunter on Apr 8, 2024.
             Was a Believer of Hepliaklqana.
             Slain by a skeletal warrior
             ... wielding a +0 glaive
             ... led by a death knight
              (16 damage)
             ... on level 11 of the Dungeon.
             The game lasted 00:36:50 (13427 turns).

porpoise the Markshuman (Human Hunter)             Turns: 13427, Time: 00:36:51

Health: -3/85      AC: 14    Str: 13    XL:     12   Next: 46%
Magic:  15/15      EV: 19    Int: 10    God:    Hepliaklqana [**....]
Gold:   681        SH:  0    Dex: 20    Spells: 9/11 levels left

rFire   . . .        a - +1 shortbow
rCold   . . .        (shield currently unavailable)
rNeg    . . .        P - +0 acid dragon scales
rPois   .            v - +2 helmet
rElec   .            y - +0 cloak
rCorr   +            H - +1 pair of gloves
SInv    .            i - +0 pair of boots
Will    .....        (no amulet)
Stlth   +++          I - +4 ring of slaying
HPRegen 0.34/turn    S - +5 ring of evasion
MPRegen 0.14/turn

%: no passive effects
@: no status effects
A: reduced essence
a: Renounce Religion, Recall Ancestor, Ancestor Identity


You were on level 11 of the Dungeon.
You worshipped Hepliaklqana.
Hepliaklqana was pleased with you.
You visited 2 branches of the dungeon, and saw 12 of its levels.
You also visited: Sewer.

You collected 681 gold pieces.

Inventory:

Hand Weapons
 a - a +1 shortbow (weapon)
 b - a +2 trident of venom
 m - a +0 broad axe
 s - the +6 spear "Tepsuegg" {heavy, Fragile rElec rCorr Dex+2}
   (You found it on level 2 of the Dungeon)

   Dex:       It affects your dexterity (+2).
   rElec:     It insulates you from electricity.
   rCorr:     It protects you from acid and corrosion.
   Fragile:   It will be destroyed if unequipped.
 O - a +4 dagger of draining
 Q - the +6 flail of Xom's Hope {pain, rElec Will+ Int+7 Dex-4}
   (You found it on level 4 of the Dungeon)

   Int:       It affects your intelligence (+7).
   Dex:       It affects your dexterity (-4).
   rElec:     It insulates you from electricity.
   Will:      It increases your willpower.
Missiles
 o - 55 poisoned darts
 p - a throwing net
 r - 4 boomerangs
 B - 6 javelins
 U - a curare-tipped dart
Armour
 i - a +0 pair of boots (worn)
 v - a +2 helmet (worn)
 y - a +0 cloak (worn)
 E - a scarf of invisibility
 H - a +1 pair of gloves (worn)
 P - +0 acid dragon scales (worn)
Jewellery
 l - an amulet of the acrobat
 A - an amulet of faith
 I - a +4 ring of slaying (left hand)
 L - a ring of ice
 S - a +5 ring of evasion (right hand)
Wands
 x - a wand of iceblast (3)
 N - a wand of charming (7)
Scrolls
 d - 4 scrolls of noise
 e - 3 scrolls of immolation
 f - 2 scrolls of identify
 h - 3 scrolls of teleportation
 k - a scroll of enchant weapon
 D - a scroll of fog
 F - 3 scrolls of magic mapping
 G - 2 scrolls of vulnerability
 K - a scroll of torment {unknown}
 T - a scroll of blinking
Potions
 c - a potion of brilliance {unknown}
 g - 4 potions of magic
 j - 4 potions of flight
 n - a potion of invisibility {unknown}
 q - 4 potions of might
 t - 4 potions of mutation
 u - 5 potions of lignification
 w - a potion of curing
 z - a potion of cancellation
 C - 2 potions of haste
 J - a potion of berserk rage
 M - a potion of heal wounds
 R - 2 potions of resistance {unknown}
 V - a potion of attraction


   Skills:
 - Level 9.0 Fighting
 * Level 15.1 Ranged Weapons
 + Level 2.8 Armour
 - Level 5.0 Dodging
 - Level 5.0 Stealth
 - Level 5.0 Invocations
 + Level 2.8 Evocations


You had 9 spell levels left.
You knew the following spells:

 Your Spells              Type           Power      Damage    Failure   Level
w - Wereblood             Tmut           0%         N/A       63%         2

Your spell library contained the following spells:

 Spells                   Type           Power      Damage    Failure   Level
 Beastly Appendage        Tmut           0%         N/A       50%         1
 Scorch                   Fire           0%         2d5       63%         2
 Ozocubu's Armour         Ice            0%         N/A       86%         3
 Spider Form              Tmut/Pois      0%         N/A       86%         3
 Volatile Blastmotes      Fire/Tloc      0%         2d10      86%         3
 Flame Wave               Conj/Fire      0%         2d4       99%         4
 Fulminant Prism          Conj/Hex       0%         3d5       99%         4
 Iskenderun's Mystic Bla  Conj/Tloc      0%         2d3       99%         4
 Lee's Rapid Deconstruct  Erth           0%         3d4*      100%        5
 Summon Cactus Giant      Summ           0%         N/A       100%        6
 Ozocubu's Refrigeration  Ice            0%         4d7       100%        7


Dungeon Overview and Level Annotations

Branches:
Dungeon (11/15)            Temple (1/1) D:4             Orc (0/2) D:11
  Sewer (visited)
   Lair: D:8-11

Altars:
Ashenzari
Cheibriados
Dithmenos
Elyvilon
Fedhas
Gozag
Hepliaklqana
Kikubaaqudgha
Makhleb
Nemelex Xobeh
Okawaru
Qazlal
Ru
Sif Muna
Trog
Uskayaw
Vehumet
Wu Jian
Xom
Yredelemnul
Zin
The Shining One

Shops:
D:10 :

Annotations:
D:4 2 transporters
D:6 exclusion: 2 downstairs


Message History

Something hits Nikki but does no damage.
The skeletal warrior barely misses you.
Nikki closely misses the skeletal warrior.
Aiming: Iceblast
Press: ? - help, Shift-Dir - straight line The mass of ice explodes!
The iceblast engulfs the skeletal warrior!
The skeletal warrior partially resists.
The skeletal warrior is moderately damaged.
You hear a shout!
Nikki blocks something's attack.
Something hits Nikki but does no damage.
The skeletal warrior hits you from afar with a +0 glaive!!
* * * LOW HITPOINT WARNING * * *
Okay, then.
You feel much better.
Nikki is no longer moving slowly.
Something closely misses Nikki.
Something barely misses Nikki.
The skeletal warrior hits you from afar with a +0 glaive!
* * * LOW HITPOINT WARNING * * *
Nikki hits the skeletal warrior with a +0 flail!
Aiming: Iceblast
Press: ? - help, Shift-Dir - straight line The mass of ice explodes!
The iceblast engulfs the skeletal warrior!
The skeletal warrior partially resists.
The skeletal warrior is severely damaged.
Nikki blocks something's attack.
Something hits Nikki.
The skeletal warrior completely misses you.
Aiming: Iceblast
Press: ? - help, Shift-Dir - straight line The mass of ice explodes!
The iceblast engulfs the skeletal warrior!
The skeletal warrior partially resists.
The skeletal warrior is severely damaged.
Something hits Nikki!
Something freezes Nikki!
Nikki resists.
Something hits Nikki but does no damage.
The skeletal warrior hits you from afar with a +0 glaive!
You die...

###.####### #.# #.
#.......[.####.# #.
#.#..........#.# #.
#.#....#.......# #.
#.#.#......#...# #### #.
##.#.#..#...#...# #.># #.
#.R#.#..#...#...# #.## #.
#######..#.#..#...#...# #.# #.
...^....z..#..#@..#...###.#####.
................................
...#####.#...z#...#...#.#######.
.#. #.#<#.R#.......#.#######.
.## #.#.#..#.#.............#.
..# #.# #..#^####..#######.#. #
#.# .# . ...................
#.##.###..#..
###.###.########.## #........W.p
..........)........


You could see the friendly Nikki the knight and a skeletal warrior (ally
target).

Vanquished Creatures
  2 two-headed ogres
  A skeletal warrior (D:11)
  A manticore (D:9)
  An ugly thing (D:9)
  2 trolls (D:11)
  2 hornets
  Prince Ribbit (D:7)
  Grinder (D:5)
  Sigmund (D:2)
  A wraith (D:11)
  A shadow (D:6)
  12 yaks
  4 wyverns
  2 vampire mosquitoes (D:10)
  Menkaure (D:7)
  An acid dragon (D:9)
  3 water moccasins
  3 sky beasts
  An ice beast (D:6)
  7 orc warriors
  6 centaurs
  2 ogres
  3 kobold brigands
  4 bullfrogs
  2 scorpions (D:5)
  A gnoll sergeant (D:5)
  7 wights
  28 killer bees
  6 howler monkeys
  A quasit (D:6)
  2 hounds (D:5)
  A jelly (D:6)
  Crazy Yiuf (D:2)
  8 orc priests
  2 gnoll boudas
  4 iguanas
  5 orc wizards
  A centaur simulacrum (D:9)
  Robin (D:2)
  18 gnolls
  11 adders
  4 river rats (Sewer)
  2 shadow imps (D:6)
  A white imp (D:7)
  3 ufetubi (D:6)
  A worm (D:3)
  2 dart slugs
  22 orcs
  11 ball pythons
  10 endoplasms
  11 giant cockroaches
  24 goblins
  7 hobgoblins
  25 kobolds
  6 quokkas
  6 bats
  9 frilled lizards
  11 rats
317 creatures vanquished.

Vanquished Creatures (collateral kills)
  Maurice (D:9)
  An unseen horror (D:11)
  A slime creature (D:9)
  A wyvern (D:9)
  4 yaks
  A water moccasin (D:9)
  An orc warrior (D:9)
  2 centaurs (D:9)
  2 killer bees (D:9)
  3 howler monkeys
  An orc (D:9)
18 creatures vanquished.

Vanquished Creatures (others)
  5 ancestors
  3 knights
8 creatures vanquished.

Grand Total: 343 creatures vanquished

Notes
Turn   | Place    | Note
-------+----------+-------------------------------------------
     0 | D:1      | porpoise the Human Hunter began the quest for the Orb.
     0 | D:1      | Reached XP level 1. HP: 16/16 MP: 1/1
    89 | D:1      | Reached XP level 2. HP: 22/22 MP: 2/2
   336 | D:1      | Reached XP level 3. HP: 20/27 MP: 3/3
  1107 | D:2      | Reached XP level 4. HP: 29/34 MP: 4/4
  1159 | D:2      | Identified the +6 spear "Tepsuegg" {heavy, Fragile rElec
                  | rCorr Dex+2}
  1217 | D:2      | Noticed Robin
  1221 | D:2      | Killed Robin
  1222 | D:2      | Reached skill level 5 in Ranged Weapons
  1249 | D:2      | Reached XP level 5. HP: 22/40 MP: 5/5
  1291 | D:2      | Noticed Sigmund
  1310 | D:2      | Killed Sigmund
  1311 | D:2      | Reached XP level 6. HP: 11/47 MP: 6/6
  1616 | D:2      | Found a runed translucent door.
  1617 | D:2      | Noticed Crazy Yiuf
  1627 | D:2      | Killed Crazy Yiuf
  1628 | D:2      | Reached skill level 6 in Ranged Weapons
  1895 | D:3      | Found a glowing drain.
  1909 | Sewer    | Entered a sewer
  2283 | Sewer    | Reached XP level 7. HP: 51/53 MP: 7/7
  2581 | D:3      | Found a radiant altar of Vehumet.
  3180 | D:4      | Found a transporter.
  3475 | D:4      | Found a transporter.
  3563 | D:4      | Identified the +6 flail of Xom's Hope {pain, rElec Will+
                  | Int+7 Dex-4}
  3634 | D:4      | Found an ornate altar of the Wu Jian Council.
  4107 | D:4      | Found a staircase to the Ecumenical Temple.
  4159 | Temple   | Entered the Ecumenical Temple
  4629 | D:5      | Entered Level 5 of the Dungeon
  4630 | D:5      | Noticed Grinder
  4636 | D:5      | Paralysed by Grinder for 5 turns
  4642 | D:5      | Killed Grinder
  4643 | D:5      | Reached skill level 7 in Ranged Weapons
  4643 | D:5      | Reached XP level 8. HP: 61/61 MP: 8/8
  4876 | D:5      | Reached skill level 5 in Stealth
  5212 | D:5      | Reached skill level 5 in Fighting
  5259 | D:5      | Reached skill level 8 in Ranged Weapons
  5261 | D:5      | Found a hazy altar of Hepliaklqana.
  5269 | D:5      | Became a worshipper of Hepliaklqana the Forgotten
  5459 | D:6      | Noticed a wyvern
  5465 | D:6      | Killed a wyvern
  5621 | D:6      | Reached XP level 9. HP: 69/69 MP: 9/9
  5751 | D:6      | Reached skill level 9 in Ranged Weapons
  5860 | D:6      | HP: 3/70 [poisoned by a killer bee]
  5868 | D:6      | HP: 1/71 [killer bee (4)]
  6362 | D:6      | Reached skill level 10 in Ranged Weapons
  7041 | D:6      | HP: 3/72 [poisoned by a killer bee]
  7399 | D:7      | Identified the +1 hand axe "Apleidu" {protect, rF+}
  7399 | D:7      | Found a flagged portal.
  7411 | D:7      | Reached skill level 1 in Invocations
  7411 | D:7      | Reached XP level 10. HP: 69/79 MP: 10/10
  7714 | D:7      | Identified the +0 ring mail of the Tick {rElec Will- Dex+2}
  7928 | D:7      | Reached skill level 11 in Ranged Weapons
  8266 | D:7      | Found a shimmering altar of Xom.
  8351 | D:7      | Noticed Prince Ribbit
  8359 | D:7      | Killed Prince Ribbit
  8387 | D:7      | Noticed Menkaure
  8392 | D:7      | Killed Menkaure
  8934 | D:8      | Reached * piety under Hepliaklqana
  9248 | D:8      | Found a burning altar of Makhleb.
  9340 | D:8      | Identified the +0 hand axe of Angyokh {drain, Stlth+}
  9408 | D:8      | Reached skill level 12 in Ranged Weapons
  9826 | D:9      | Reached XP level 11. HP: 69/75 MP: 14/14
  9851 | D:9      | Reached skill level 5 in Dodging
  9901 | D:9      | Noticed Maurice
  9913 | D:9      | Killed Maurice
  9914 | D:9      | Reached skill level 5 in Invocations
 10326 | D:9      | Reached skill level 13 in Ranged Weapons
 10940 | D:9      | Reached ** piety under Hepliaklqana
 10941 | D:9      | Remembered your ancestor Nikki as a knight
 11188 | D:9      | Identified the +1 flail "Soxi" {flame, Dex+2}
 11332 | D:9      | Noticed a red ugly thing
 11342 | D:9      | Killed a red ugly thing
 11348 | D:9      | Noticed a manticore
 11359 | D:9      | Killed a manticore
 11360 | D:9      | Reached skill level 14 in Ranged Weapons
 11484 | D:10     | Entered Level 10 of the Dungeon
 11493 | D:10     | Learned a level 2 spell: Wereblood
 11517 | D:10     | Noticed a two-headed ogre
 11529 | D:10     | Killed a two-headed ogre
 11592 | D:10     | Reached XP level 12. HP: 84/84 MP: 15/15
 11718 | D:10     | Found a blossoming altar of Fedhas.
 11912 | D:10     | Found Olalu's Book Shoppe.
 12112 | D:10     | Reached skill level 1 in Armour
 12112 | D:10     | Reached skill level 1 in Evocations
 12547 | D:11     | Noticed a death knight
 12547 | D:11     | Noticed a skeletal warrior
 12860 | D:11     | Found a staircase to the Orcish Mines.
 13197 | D:11     | Killed a skeletal warrior
 13198 | D:11     | Reached skill level 15 in Ranged Weapons
 13372 | D:11     | Noticed a two-headed ogre
 13384 | D:11     | Killed a two-headed ogre
 13411 | D:11     | Noticed a skeletal warrior
 13424 | D:11     | HP: 1/85 [skeletal warrior/+0 glaive[a death knight] (27)]
 13427 | D:11     | Slain by a skeletal warrior

Illustrated notes

Levels and vault maps discovered:
D:1:      amcnicky_arrival_choice, layout_basic, minmay_small_reverse_x
D:2:      layout_basic, supply_closet_lemuel, minmay_goblin_outpost,
          uniq_sigmund, uniq_crazy_yiuf_cottage, uniq_robin
D:3:      layout_basic, vehumet_crystals, gup_sewer_entry_pipe
D:4:      layout_loops_corners, pdpol_wu_jian_five_deadly_venoms,
          minmay_temple_entry_poolview, gammafunk_ghost_stat_death, st_stairs_1
D:5:      layout_basic, lemuel_coloured_pillars_altar, lightli_corner_chamber,
          uniq_grinder
D:6:      layout_cave_pods, serial_demonic, serial_demonic_c, serial_demonic_b,
          serial_demonic_e, serial_demonic_g
D:7:      layout_layer_cave, tgw_xom, enter_bailey_2, nicolae_fountain_basement,
          uniq_menkaure, uniq_prince_ribbit1
D:8:      layout_cave_pools, minmay_ruined_shrine
D:9:      minmay_slanted_spiral_squares, layout_long_grid, uniq_maurice
D:10:     layout_layer_cave, fedhas_altar_2, serial_shops, shop
D:11:     layout_basic, erik_lair_orcish_takeover, orc_0_dummy, uniq_grum
Temple:   bh_familiar_temple

Skill      XL: |  1  2  3  4  5  6  7  8  9 10 11 12 |
---------------+-------------------------------------+-----
Stealth        | 2 3 4 5 |  5.0
Ranged Weapons | 5 6 7 8 10 12 14 15 | 15.1
Fighting       | 3 4 5 7 8 9 |  9.0
Invocations    | 1 4 5 |  5.0
Dodging        | 4 5 |  5.0
Armour         | 2 |  2.8
Evocations     | 2 |  2.8

Action                     |  1- 3 |  4- 6 |  7- 9 | 10-12 || total
---------------------------+-------+-------+-------+-------++-------
  Melee: Short sword       |       |     5 |       |       ||     5
         Punch             |       |     1 |       |       ||     1
         Flail             |       |       |    11 |       ||    11
         Trident           |       |       |       |    32 ||    32
   Fire: Shortbow          |   100 |   147 |   364 |   507 ||  1118
 Invoke: Ancestor Identity |       |       |       |     1 ||     1
         Ancestor Life: Kn |       |       |       |     1 ||     1
  Evoke: Wand              |       |       |       |     4 ||     4
    Use: Scroll            |     4 |     3 |    13 |     5 ||    25
         Potion            |       |     1 |     6 |     3 ||    10
   Stab: Distracted        |       |       |       |     1 ||     1
 Armour: Leather armour    |    18 |    22 |   105 |    25 ||   170
         Acid dragon scale |       |       |       |    37 ||    37
  Dodge: Dodged            |    31 |    47 |   137 |   165 ||   380
